 Dungeon Crawl Stone Soup version 0.24-a0-201-gf205589 (console) character file.

Game seed: 6589647867704697926

32 bli the Skirmisher (level 3, 0/20 HPs)
             Began as a Vine Stalker Monk on Mar 23, 2019.
             Succumbed to an adder's poison
             ... on level 2 of the Dungeon.
             The game lasted 00:02:28 (1021 turns).

bli the Skirmisher (Vine Stalker Monk)              Turns: 1021, Time: 00:02:29

Health: 0/20       AC:  2    Str: 13    XL:     3   Next: 27%
Magic:  5/5        EV: 13    Int: 10    God:
Gold:   63         SH:  0    Dex: 17    Spells: 3/3 levels left

rFire    . . .     SeeInvis .   a - +0 short sword
rCold    . . .     Gourm    .   (no shield)
rNeg     . . .     Faith    .   b - +0 robe
rPois    .         Spirit   +   (no helmet)
rElec    .         Reflect  .   (no cloak)
rCorr    .         Harm     .   (no gloves)
MR       .....                  (no boots)
Stlth    ++........             (no amulet)
HPRegen  0.06/turn              (no ring)
MPRegen  0.09/turn              (no ring)

@: lethally poisoned (0 -> -5)
A: fangs 2, magic shield, antimagic bite, no potion heal 3, rot immunity
a: no special abilities


You were on level 2 of the Dungeon.
You were not hungry.

You visited 1 branch of the dungeon, and saw 2 of its levels.

You collected 63 gold pieces.

Inventory:

Hand Weapons
 a - a +0 short sword (weapon)
 j - a +0 hunting sling
Missiles
 d - 7 tomahawks (quivered)
 h - 27 stones
Armour
 b - a +0 robe (worn)
 k - a +0 buckler
Scrolls
 e - 3 scrolls of remove curse {unknown}
 f - a scroll of identify {unknown}
 i - a scroll of amnesia {unknown}
Comestibles
 c - a ration
 g - 6 chunks of flesh


   Skills:
 + Level 3.0 Fighting
 + Level 3.0 Short Blades
 * Level 2.7 Dodging
 + Level 2.7 Stealth
 * Level 0.9 Spellcasting


You had 3 spell levels left.
You didn't know any spells.
Your spell library was empty.

Dungeon Overview and Level Annotations

Branches:
Dungeon (2/15)

Altars:


Innate Abilities, Weirdness & Mutations

You have extremely sharp teeth.
When hurt, damage is shared between your health and your magic reserves.
Your bite disrupts and absorbs the magic of your enemies.
Potions cannot restore your health.
You are immune to rotting.


Message History

* * * LOW HITPOINT WARNING * * *
You feel sick.
* * * LOW HITPOINT WARNING * * *
You feel sick.
Found a green potion.
It was a potion of heal wounds.
That seemed strangely inert.
* * * LOW HITPOINT WARNING * * *
You feel sick.
* * * LOW HITPOINT WARNING * * *
You feel sick.
* * * LOW HITPOINT WARNING * * *
You feel sick.
You see here a buckler.
k - a buckler
* * * LOW HITPOINT WARNING * * *
You feel sick.
* * * LOW HITPOINT WARNING * * *
You feel sick.
A frilled lizard comes into view.
You die...

............
#.##.##.#.#
#.##...?..#
#.##).....#
#.........#
####......#
#.......#
#..######
#..# #..#
#@.# #..#
#.... #!####
#.# #.# .l.
#.#


You could see a frilled lizard (sleeping).

Vanquished Creatures
  An adder (D:2)
  3 dart slugs (D:1)
  A leopard gecko (D:1)
  2 bats (D:1)
  A giant cockroach (D:1)
  3 goblins (D:1)
  2 ball pythons (D:1)
  A frilled lizard (D:1)
  3 kobolds
  A rat (D:1)
18 creatures vanquished.

Notes
Turn   | Place    | Note
-------+----------+-------------------------------------------
     0 | D:1      | bli the Vine Stalker Monk began the quest for the Orb.
     0 | D:1      | Reached XP level 1. HP: 11/11 MP: 2/2
   406 | D:1      | Reached XP level 2. HP: 16/16 MP: 3/3
   995 | D:2      | Reached XP level 3. HP: 20/20 MP: 5/5
  1018 | D:2      | HP: 1/20 [poisoned by an adder]
  1021 | D:2      | Succumbed to an adder's poison

Levels and vault maps discovered:
D:1:      minmay_arrival_doors, layout_loops_corners, minivault_14
D:2:      layout_loops_ring

Skill      XL: |  1  2  3 |
---------------+----------+-----
Fighting       | 3 |  3.0
Short Blades   | 3 |  3.0
Dodging        | |  2.7
Stealth        | |  2.7
Spellcasting   | |  0.9

Action                   || total
-------------------------++-------
Melee: Short sword       ||    41
       Bite              ||     8
  Use: Potion            ||     1
 Stab: Sleeping          ||     7
Armor: Robe              ||     4
Dodge: Dodged            ||    20

Table legend:
 A = Non-vault XP
 B = Vault XP
 C = Vault XP percentage of total XP
 D = Non-vault monster count
 E = Vault monster count
 F = Vault count percentage of total count
                 A         B        C        D         E       F
            +---------+---------+-------+---------+---------+-------
      Total |      47 |       0 |   0.0 |      18 |       0 |   0.0
            +---------+---------+-------+---------+---------+-------
        D:1 |      33 |       0 |   0.0 |      16 |       0 |   0.0
        D:2 |      14 |       0 |   0.0 |       2 |       0 |   0.0
            +---------+---------+-------+---------+---------+-------
